Map: Croisement de Kairos EC

Players

zuka - Winner!

  • Race: Protoss Protoss
  • League: Master
  • Spawn Location: 11:00

Kilshais

  • Race: Terran Terran
  • League: Master
  • Spawn Location: 5:00

VOD

Have the link to the VOD?

Description

Time

  • Played on: June 11, 2019, 2:50 p.m.
  • Length: 6:49
Show
View Real Time Build Order
Export as new Build Order

zuka Protoss - Winner!

Build Orders: 1 Gate Expand 

Get SALT Encoding   

  12  0:01  Probe  
  13  0:13  Probe  
  14  0:17  Pylon  
  14  0:25  Probe  
  15  0:37  Probe, Gateway  
  16  0:49  Probe  
  17  0:53  Gateway  
  17  1:18  Zealot  
  17  1:21  Nexus  
  19  1:37  Pylon  
  21  1:49  Assimilator  
  19  1:55  Cybernetics Core  
  19  1:58  Probe  
  19  1:59  Assimilator  
  20  2:06  Probe  
  20  2:14  Probe  
  21  2:20  Nexus  
  22  2:22  Stalker  
  22  2:27  Probe  
  25  2:39  Probe  
  25  2:43  Pylon  
  26  2:47  Warp Gate  
  26  2:51  Probe  
  27  3:03  Probe  
  27  3:05  Robotics Facility  
  28  3:13  Probe  
  28  3:14  Shield Battery  
  28  3:17  Stalker  
  31  3:21  Probe  
  32  3:29  Probe  
  32  3:31  Probe  
  34  3:39  Probe  
  34  3:41  Probe  
  34  3:45  Twilight Council  
  34  3:47  Probe  
  36  3:52  Observer  
  36  3:53  Probe  
  39  3:59  Probe  
  40  4:03  Charge, Pylon  
  40  4:05  Probe  
  41  4:11  Probe  
  41  4:14  Immortal  
  46  4:18  Probe  
  47  4:28  Gateway  
  47  4:29  Gateway  
  46  4:41  Probe  
  48  4:47  Zealot x2  
  48  4:52  Gateway  
  52  4:54  Gateway  
  52  4:55  Pylon  
  51  5:00  Warp Prism  
  53  5:08  Sentry, Gateway  
  53  5:14  Zealot  
  57  5:25  Zealot x2  
  61  5:28  Pylon  
  61  5:37  Stalker x2  
  62  5:58  Zealot  
  63  6:08  Probe x2  
  61  6:20  Probe  
  62  6:26  Zealot  
  62  6:27  Zealot x3  
  62  6:28  Sentry  
  70  6:46  Zealot x2  
Show
View Real Time Build Order
Export as new Build Order

Kilshais Terran 

Build Orders:  

Get SALT Encoding   

  12  0:00  SCV  
  13  0:13  SCV  
  14  0:17  Supply Depot  
  14  0:25  SCV  
  14  0:28  Refinery  
  15  0:39  SCV  
  16  0:45  Barracks  
  16  0:51  SCV  
  17  1:03  SCV  
  18  1:15  SCV  
  19  1:35  Marine  
  19  1:37  Bunker  
  20  1:41  Supply Depot  
  20  1:52  Factory  
  20  2:06  Marine  
  21  2:29  Command Center  
  21  2:38  Orbital Command  
  21  2:47  Factory  
  21  2:54  Refinery, Barracks Reactor  
  21  3:04  SCV  
  22  3:16  SCV  
  22  3:28  SCV  
  22  3:32  Starport  
  23  3:40  SCV  
  24  3:42  Orbital Command  
  24  3:44  Hellion  
  24  3:45  Hellion, Barracks Tech Lab  
  28  3:52  SCV  
  29  4:04  SCV  
  29  4:06  Marine, Widow Mine x2  
  35  4:10  SCV  
  35  4:14  Medivac  
  35  4:16  SCV  
  39  4:22  Bunker  
  39  4:23  Supply Depot  
  39  4:29  Widow Mine  
  39  4:30  Widow Mine  
  43  4:44  Viking  
  42  4:46  SCV x2  
  43  4:58  Marine x2, SCV x2  
  43  4:59  Siege Tank  
  50  5:04  Supply Depot  
  50  5:10  SCV x2  
  52  5:16  Starport Tech Lab, Marine x2  
  54  5:22  SCV  
  54  5:23  SCV  
  54  5:28  Supply Depot  
  56  5:31  Siege Tank  
  56  5:34  Marine x2  
  56  5:35  SCV x2  
  63  5:45  Raven  
  66  5:50  Barracks, SCV x2  
  66  5:53  Barracks  
  66  5:54  Marine x2  
  65  5:59  Engineering Bay  
  65  6:00  Refinery  
  65  6:02  Supply Depot, SCV x2  
  67  6:14  SCV x2  
  69  6:20  Factory Reactor  
  69  6:22  Marine x2  
  71  6:26  Supply Depot, SCV x2  
  71  6:36  Barracks  
  71  6:38  Barracks  
  68  6:40  Starport Reactor  
Tags
 
Add a new tag
Caveats
  • Supply blocks, unpowered buildings, or Contaminate may cause inaccurate times.
  • Supply counts are checked every 10 seconds.